Map: Thunderbird LE

Players

HISHAM

  • Race: Protoss Protoss
  • League: Platinum
  • Spawn Location: 5:00

PeLLy - Winner!

  • Race: Zerg Zerg
  • League: Diamond
  • Spawn Location: 11:00

VOD

Have the link to the VOD?

Description

Time

  • Played on: Aug. 7, 2019, 3:30 p.m.
  • Length: 22:22
Show
View Real Time Build Order
Export as new Build Order

HISHAM Protoss 

Build Orders: Carriers 

Get SALT Encoding   

  1  0:00  Probe  
  12  0:06  Probe  
  14  0:16  Probe  
  15  0:24  Pylon  
  15  0:32  Assimilator  
  15  0:49  Gateway  
  15  0:52  Forge  
  15  0:54  Probe  
  16  1:06  Probe  
  17  1:19  Probe  
  17  1:23  Pylon  
  18  1:29  Photon Cannon  
  18  1:38  Cybernetics Core  
  18  1:45  Pylon  
  18  1:50  Probe  
  19  2:06  Photon Cannon  
  19  2:19  Stargate  
  19  2:22  Pylon  
  19  2:29  Pylon  
  19  2:45  Protoss Air Weapons Level 1  
  19  2:46  Photon Cannon  
  19  2:47  Probe  
  19  2:51  Assimilator  
  20  2:59  Probe  
  21  3:06  Zealot  
  21  3:11  Probe  
  28  3:33  Zealot  
  30  3:37  Void Ray  
  30  3:46  Pylon  
  30  4:02  Pylon  
  30  4:07  Probe  
  30  4:09  Stargate  
  31  4:10  Void Ray  
  31  4:18  Pylon  
  35  4:41  Photon Cannon  
  35  4:49  Nexus  
  35  5:00  Shield Battery  
  35  5:01  Void Ray  
  39  5:15  Void Ray  
  43  5:38  Shield Battery  
  43  5:45  Photon Cannon  
  43  5:52  Oracle  
  46  5:59  Probe  
  46  6:00  Probe  
  48  6:09  Probe  
  48  6:17  Probe  
  49  6:22  Photon Cannon  
  50  6:28  Probe x2  
  52  6:40  Oracle, Probe  
  56  6:48  Assimilator  
  56  6:50  Pylon, Assimilator  
  56  6:51  Protoss Air Armor Level 1  
  56  6:53  Probe  
  57  7:05  Probe  
  58  7:11  Pylon  
  58  7:13  Photon Cannon  
  58  7:17  Probe  
  59  7:24  Photon Cannon  
  59  7:29  Probe  
  60  7:38  Fleet Beacon  
  60  7:41  Probe  
  61  7:45  Robotics Facility  
  61  7:53  Probe  
  61  7:56  Probe  
  63  8:05  Probe  
  64  8:13  Carrier  
  64  8:15  Protoss Shields Level 1  
  64  8:18  Cybernetics Core  
  64  8:20  Probe  
  71  8:28  Observer  
  72  8:46  Immortal  
  72  8:49  Carrier  
  72  8:52  Probe  
  83  8:59  Pylon  
  83  9:07  Pylon  
  83  9:16  Pylon  
  77  9:20  Pylon  
  77  9:21  Oracle  
  80  9:28  Immortal  
  82  10:12  Carrier  
  88  10:21  Pylon  
  88  10:23  Pylon  
  88  10:28  Robotics Bay  
  88  10:35  Carrier  
  94  10:36  Stargate  
  94  10:41  Photon Cannon  
  94  10:44  Warp Gate  
  94  10:49  Pylon  
  94  11:02  Protoss Air Weapons Level 2  
  94  11:05  Colossus  
  94  11:14  Nexus, Assimilator  
  100  11:19  Photon Cannon  
  100  11:25  Carrier  
  106  11:58  Carrier  
  112  12:16  Carrier  
  112  12:41  Carrier  
  114  12:57  Gateway  
  114  12:59  Gateway  
  114  13:01  Gateway  
  114  13:03  Twilight Council  
  108  13:23  Carrier  
  102  13:42  Shield Battery  
  102  13:43  Shield Battery  
  102  13:46  Shield Battery  
  102  13:49  Carrier  
  104  14:00  Stalker  
  85  14:07  Stalker x2  
  67  14:18  Stalker  
  69  14:35  Templar Archives  
  69  15:03  Pylon  
  69  15:04  Pylon  
  69  15:08  Protoss Ground Weapons Level 1  
  69  15:16  Carrier  
  75  15:22  High Templar x2  
  75  15:24  High Templar  
  75  15:26  Probe  
  82  15:30  Archon  
  82  15:38  Zealot  
  84  16:02  Carrier  
  90  16:08  Assimilator  
  90  16:15  Assimilator  
  90  16:16  Pylon  
  90  16:18  Pylon  
  90  16:22  High Templar  
  90  16:23  Zealot x2  
  96  16:40  Archon  
  96  16:45  High Templar  
  96  16:46  Zealot  
  100  16:47  Zealot  
  102  17:10  Nexus  
  102  17:16  Protoss Shields Level 2  
  102  17:19  High Templar  
  102  17:21  High Templar  
  106  17:37  Archon  
  106  17:46  Shield Battery  
  106  17:48  Shield Battery  
  106  18:09  Observer  
  107  18:22  Probe  
  108  18:38  Dark Shrine  
  108  18:41  Photon Cannon  
  108  18:56  Gateway  
  108  18:58  Pylon  
  108  19:00  High Templar x2  
  112  19:08  Forge  
  112  19:18  Zealot x2  
  112  19:20  Archon  
  116  19:46  Zealot  
  116  19:47  Zealot x2  
  62  20:13  Dark Templar  
  62  20:14  Dark Templar x3  
  45  20:15  Dark Templar  
  47  20:37  Phoenix  
  47  20:39  Phoenix, Observer  
  49  20:46  Dark Templar  
  49  20:48  Zealot  
  36  20:53  Zealot  
  34  21:02  Phoenix  
  11  21:35  Nexus  
Show
View Real Time Build Order
Export as new Build Order

PeLLy Zerg - Winner!

Build Orders: Hatch First 

Get SALT Encoding   

  12  0:00  Drone  
  13  0:13  Overlord  
  13  0:20  Drone  
  14  0:32  Drone x2  
  16  0:37  Drone  
  17  0:55  Hatchery  
  17  0:56  Drone  
  17  1:00  Drone  
  18  1:08  Drone  
  19  1:18  Spawning Pool  
  18  1:20  Drone  
  19  1:29  Overlord  
  19  1:49  Drone  
  19  1:54  Hatchery  
  19  2:06  Queen  
  19  2:07  Queen  
  23  2:09  Zergling x2  
  24  2:18  Zergling x6  
  24  2:21  Zergling x2  
  28  2:26  Drone  
  29  2:30  Zergling x2  
  30  2:41  Zergling x4  
  32  2:48  Drone  
  33  3:01  Queen  
  33  3:03  Drone  
  36  3:05  Overlord x2  
  36  3:06  Overlord  
  36  3:07  Drone  
  36  3:26  Drone x4  
  40  3:27  Drone x4  
  40  3:46  Spore Crawler  
  38  3:49  Spore Crawler  
  38  3:50  Drone x3  
  38  3:52  Spore Crawler  
  37  3:59  Drone x8  
  37  4:00  Drone  
  46  4:11  Evolution Chamber  
  46  4:13  Evolution Chamber  
  44  4:19  Extractor  
  44  4:20  Extractor  
  42  4:25  Extractor  
  42  4:27  Extractor  
  40  4:37  Roach Warren  
  39  4:49  Queen  
  39  4:50  Queen x2  
  45  4:58  Zerg Missile Weapons Level 1  
  45  5:00  Spore Crawler  
  44  5:08  Drone x14, Extractor  
  44  5:09  Extractor  
  44  5:11  Drone  
  58  5:14  Drone  
  58  5:19  Overlord  
  58  5:40  Roach x3  
  58  5:41  Roach  
  66  5:47  Lair  
  66  5:57  Overlord  
  66  6:04  Spore Crawler  
  66  6:05  Zerg Melee Weapons Level 1  
  65  6:11  Drone  
  65  6:14  Queen x2  
  70  6:28  Overlord x5  
  70  6:44  Hatchery  
  70  6:46  Glial Reconstitution  
  69  6:51  Drone x7  
  76  6:56  Drone  
  76  6:57  Drone x2  
  76  6:58  Drone  
  80  7:08  Drone  
  80  7:09  Drone x2, Hydralisk Den  
  80  7:10  Drone  
  80  7:11  Drone  
  80  7:13  Drone  
  85  7:16  Roach  
  85  7:21  Zerg Missile Weapons Level 2  
  87  7:26  Baneling Nest  
  87  7:29  Metabolic Boost  
  86  7:39  Hydralisk x5  
  86  7:43  Grooved Spines  
  96  7:57  Hydralisk x5  
  106  8:00  Overlord  
  106  8:04  Zerg Melee Weapons Level 2  
  106  8:17  Roach x3  
  106  8:18  Hydralisk x3  
  118  8:22  Overlord  
  118  8:23  Overlord  
  118  8:31  Drone x2  
  118  8:33  Overlord x2  
  120  8:54  Muscular Augments  
  120  8:59  Hydralisk x9  
  138  9:12  Spire  
  138  9:14  Spore Crawler  
  138  9:16  Drone x3  
  139  9:18  Drone x3  
  142  9:26  Hydralisk  
  142  9:27  Hydralisk x3  
  150  9:44  Extractor  
  149  9:45  Extractor  
  149  9:46  Spore Crawler  
  149  9:48  Nydus Network  
  149  9:49  Hydralisk x3  
  110  10:11  Overseer x3  
  110  10:12  Overseer  
  110  10:13  Hydralisk x7  
  110  10:14  Hydralisk x5  
  118  10:19  Drone  
  118  10:20  Drone x2, Zerg Ground Armor Level 1  
  137  10:21  Drone  
  138  10:30  Zergling x2  
  138  10:31  Zergling x16  
  147  10:48  Hatchery  
  146  10:51  Zergling x2  
  146  10:52  Zergling x10  
  146  10:56  Centrifical Hooks  
  151  11:12  Overlord x3  
  151  11:17  Spore Crawler  
  150  11:19  Spore Crawler  
  150  11:21  Zerg Flyer Weapons Level 1, Corruptor  
  150  11:23  Spore Crawler  
  150  11:27  Corruptor  
  152  11:36  Corruptor x5  
  152  11:39  Overlord  
  162  11:48  Infestation Pit  
  162  11:52  Corruptor x3  
  167  11:59  Corruptor  
  169  12:11  Corruptor x3  
  169  12:30  Corruptor x5  
  171  12:41  Corruptor  
  171  12:42  Corruptor x2  
  176  13:04  Hatchery  
  171  13:11  Corruptor x4  
  169  13:33  Overlord  
  169  13:34  Overlord x4  
  146  13:49  Corruptor  
  146  13:50  Corruptor x5  
  146  13:52  Zergling x2  
  146  13:53  Zergling x4  
  129  14:08  Corruptor x3  
  125  14:12  Hive  
  125  14:13  Drone  
  106  14:39  Hydralisk x9  
  122  14:48  Nydus Canal  
  122  14:57  Corruptor x4  
  130  15:04  Drone  
  130  15:05  Drone x4  
  135  15:24  Drone x12  
  147  15:29  Extractor  
  147  15:31  Extractor  
  145  15:43  Greater Spire, Corruptor x4  
  153  16:12  Corruptor  
  153  16:13  Corruptor x7  
  169  16:22  Drone x2  
  169  16:23  Drone x2  
  173  16:38  Zergling x2  
  173  16:39  Zergling x14  
  181  16:50  Overlord  
  181  17:09  Brood Lord x9  
  199  17:24  Baneling x4  
  199  17:25  Baneling x18  
  199  18:12  Hatchery  
  198  18:25  Zerg Melee Weapons Level 3  
  198  18:26  Zerg Missile Weapons Level 3  
  198  18:28  Adrenal Glands  
  198  19:03  Zerg Flyer Weapons Level 2  
  198  19:10  Extractor x2  
  198  19:15  Spire  
  195  19:31  Overseer  
  195  19:32  Overseer x4  
  148  20:06  Zergling x36  
  148  20:07  Zergling x54  
  187  20:22  Corruptor x6  
  199  20:51  Brood Lord  
  193  20:58  Zergling x2  
  193  20:59  Zergling x16  
  186  21:25  Zergling x2  
Tags
 
Composition
Carriers
Matchup
PvZ
Spawn Locations
Cross Positions
Add a new tag
Caveats
  • Supply blocks, unpowered buildings, or Contaminate may cause inaccurate times.
  • Supply counts are checked every 10 seconds.